[ AOE2 MATCH · #507241645 ]
UnrankedSpanish vs Persians
Player's team · LOSS
Rival team · WIN
[ REPLAY ANALYSIS · EXTRACTED FROM THE RECORDED GAME ]
Feudal
11:30
Castle
—
Imperial
—
| APM avg | 41.0 |
| APM peak | 83 |
| eAPM avg | 10.8 |
| Villagers / military | 21 / 0 |
Focus
⚔️ 5.2% · 🌾 94.8%
Feudal
—
Castle
—
Imperial
—
| APM avg | 38.8 |
| APM peak | 76 |
| eAPM avg | 14.6 |
| Villagers / military | 45 / 0 |
Focus
⚔️ 15.6% · 🌾 84.4%
Match map
Initial resources + every placement click. Lines = walls · curves = elevation contours. ◆ gold · ⬟ stone · ● berries · ✦ relic · ◌ wall gap
Your base· Open — unwalled flank
TW_KAKA's base· Open — unwalled flank
Smoothed initial terrain · ◌ = detected wall gap · hover for details
Inputs per minute
— 南宁T5电竞 - - TW_KAKA
Build order — 南宁T5电竞
42 actions detected in the replay
| 0:01 | Queue | Villager (Male) |
| 0:02 | Queue | Villager (Male) |
| 0:02 | Queue | Villager (Male) |
| 0:03 | Build | House |
| 0:04 | Build | House |
| 0:05 | Build | House |
| 0:06 | Queue | Villager (Male) |
| 0:24 | Build | House |
| 1:31 | Queue | Villager (Male) |
| 3:04 | Queue | Villager (Male) |
| 3:04 | Queue | Villager (Male) |
| 3:21 | Queue | Villager (Male) |
| 3:38 | Build | Lumber Camp |
| 3:39 | Queue | Villager (Male) |
| 4:42 | Queue | Villager (Male) |
| 4:43 | Queue | Villager (Male) |
| 4:43 | Queue | Villager (Male) |
| 4:48 | Queue | Villager (Male) |
| 5:36 | Queue | Villager (Male) |
| 5:36 | Queue | Villager (Male) |
| 5:37 | Queue | Villager (Male) |
| 6:16 | Queue | Villager (Male) |
| 7:12 | Build | Mill |
| 7:45 | Queue | Villager (Male) |
| 7:51 | Build | Mill |
| 8:08 | Queue | Villager (Male) |
| 8:36 | Build | Mining Camp |
| 8:55 | Research | Loom |
| 8:56 | Research | Feudal Age |
| 10:06 | Build | Lumber Camp |
| 11:30 | Age | Feudal Age |
| 12:32 | Build | Mill |
| 13:07 | Build | Town Center |
| 13:54 | Build | Mill |
| 14:51 | Build | Mining Camp |
| 14:53 | Queue | Villager (Male) |
| 14:58 | Build | House |
| 15:52 | Build | Mining Camp |
| 17:25 | Queue | Villager (Male) |
| 17:30 | Build | House |
| 17:58 | Build | Lumber Camp |
| 20:13 | Build | Town Center |
Build order — TW_KAKA
57 actions detected in the replay
| 0:02 | Build | House |
| 0:04 | Build | House |
| 0:05 | Queue | Villager (Male) |
| 0:05 | Queue | Villager (Male) |
| 0:06 | Queue | Villager (Male) |
| 0:06 | Queue | Villager (Male) |
| 0:10 | Queue | Villager (Male) |
| 0:10 | Queue | Villager (Male) |
| 2:20 | Queue | Villager (Male) |
| 2:20 | Queue | Villager (Male) |
| 2:21 | Queue | Villager (Male) |
| 2:21 | Queue | Villager (Male) |
| 3:04 | Queue | Villager (Male) |
| 3:05 | Queue | Villager (Male) |
| 3:26 | Build | Lumber Camp |
| 3:50 | Build | House |
| 3:52 | Build | House |
| 4:09 | Queue | Villager (Male) |
| 4:09 | Queue | Villager (Male) |
| 4:10 | Queue | Villager (Male) |
| 5:05 | Queue | Villager (Male) |
| 5:05 | Queue | Villager (Male) |
| 6:25 | Queue | Villager (Male) |
| 6:26 | Queue | Villager (Male) |
| 6:30 | Queue | Villager (Male) |
| 6:30 | Queue | Villager (Male) |
| 7:04 | Queue | Villager (Male) |
| 7:50 | Research | Loom |
| 8:19 | Build | Mill |
| 8:39 | Queue | Villager (Male) |
| 9:17 | Build | Town Center |
| 10:11 | Queue | Villager (Male) |
| 10:11 | Queue | Villager (Male) |
| 10:11 | Queue | Villager (Male) |
| 10:38 | Queue | Villager (Male) |
| 10:38 | Queue | Villager (Male) |
| 11:09 | Queue | Villager (Male) |
| 11:32 | Build | House |
| 11:43 | Queue | Villager (Male) |
| 11:59 | Queue | Villager (Male) |
| 12:33 | Queue | Villager (Male) |
| 13:25 | Queue | Villager (Male) |
| 13:25 | Queue | Villager (Male) |
| 13:25 | Queue | Villager (Male) |
| 14:16 | Build | House |
| 14:18 | Build | House |
| 16:46 | Build | Town Center |
| 17:48 | Queue | Villager (Male) |
| 18:11 | Queue | Villager (Male) |
| 18:26 | Queue | Villager (Male) |
| 18:27 | Queue | Villager (Male) |
| 18:45 | Queue | Villager (Male) |
| 18:46 | Queue | Villager (Male) |
| 18:46 | Queue | Villager (Male) |
| 19:33 | Queue | Villager (Male) |
| 19:34 | Queue | Villager (Male) |
| 20:29 | Queue | Villager (Male) |
Match timeline
| 11:30 | 南宁T5电竞 · age_up feudal |
| 20:29 | 南宁T5电竞 · resign |
[ AI ANALYSIS · 1 CREDIT ]
What really happened in this match?
Wolo.gg analyzes every decision: build order, eco, micro, common mistakes by bracket. Personalized analysis on WhatsApp or Discord in 30 seconds.
Civ guide
Spanish
Perfil
Jugador #22375469